 Dungeon Crawl Stone Soup version 0.29-a0-490-g77b3608bb8 (webtiles) character file.

Game seed: 6264475439827589859

110 jlumianski the Sneak (level 4, -1/31 HPs)
             Began as a Demonspawn Delver on May 26, 2022.
             Was a Follower of Hepliaklqana.
             Slain by Grinder (5 damage)
             ... on level 3 of the Dungeon on May 27, 2022.
             The game lasted 00:20:54 (2703 turns).

jlumianski the Sneak (Demonspawn Delver)            Turns: 2703, Time: 00:20:58

Health: -1/31      AC:  6    Str: 14    XL:     4   Next: 61%
Magic:  4/4        EV: 12    Int: 12    God:    Hepliaklqana [*.....]
Gold:   134        SH:  0    Dex: 14    Spells: 3/3 levels left

rFire   + . .      SeeInvis .   a - +0 short sword
rCold   . . .      Faith    .   (no shield)
rNeg    . . .      Spirit   .   n - +1 leather armour {rF+}
rPois   .          Reflect  .   (helmet restricted)
rElec   .          Harm     .   t - +0 cloak
rCorr   .          Rampage  .   (no gloves)
Will    .....                   s - +0 pair of boots
Stlth   +++.......              q - amulet of the acrobat
HPRegen 0.10/turn               (no ring)
MPRegen 0.09/turn               (no ring)

@: no status effects
A: reduced essence, antennae 1, powered by death 1
a: Renounce Religion, Recall Ancestor, Ancestor Identity


You were on level 3 of the Dungeon.
You worshipped Hepliaklqana.
Hepliaklqana was aware of your devotion.
You visited 2 branches of the dungeon, and saw 7 of its levels.

You collected 134 gold pieces.

Inventory:

Hand Weapons
 a - a +0 short sword (weapon)
 x - a +0 club
 z - a +1 falchion of freezing
 A - a +1 mace of draining
Missiles
 d - 9 boomerangs (quivered)
 i - 5 javelins
 j - 60 stones
Armour
 b - a +0 leather armour
 n - a +1 leather armour of fire resistance (worn)
 s - a +0 pair of boots (worn)
 t - a +0 cloak (worn)
 v - a +0 scale mail
Jewellery
 m - an amulet of guardian spirit
 q - an amulet of the acrobat (around neck)
Wands
 g - a wand of digging (3)
Scrolls
 c - 2 scrolls of fog
 e - 2 scrolls of fear
 k - 3 scrolls of teleportation
 o - a scroll of poison {unknown}
 p - a scroll of magic mapping
 r - a scroll of identify {unknown}
 y - a scroll of vulnerability {unknown}
 B - a scroll of acquirement {unknown}
Potions
 f - 2 potions of haste
 h - a potion of heal wounds {unknown}
 l - a potion of mutation {unknown}
 u - a potion of lignification {unknown}
 w - a potion of curing {unknown}


   Skills:
 + Level 3.3 Fighting
 + Level 2.4 Short Blades
 + Level 0.2 Throwing
 - Level 1.3 Armour
 + Level 2.0 Dodging
 + Level 5.4 Stealth


You had 3 spell levels left.
You didn't know any spells.
Your spell library was empty.

Dungeon Overview and Level Annotations

Branches:
Dungeon (6/15)             Temple (1/1) D:4

Altars:
Ashenzari
Gozag
Hepliaklqana
Nemelex Xobeh
Okawaru
Qazlal
Ru
Trog
Uskayaw
Zin

Annotations:
D:3 Grinder, Sigmund


Innate Abilities, Weirdness & Mutations

Your life essence is reduced to manifest your ancestor. (-10% HP)
You have a pair of small antennae on your head.
You regenerate a little health from kills.


Message History

Grinder hits you but does no damage.
Tochtli hits Grinder.
You can move again.
You hit Grinder but do no damage.
Grinder is moderately wounded.
Grinder hits you.
You writhe in agony.
Tochtli hits Grinder but does no damage.
You closely miss Grinder.
Grinder is moderately wounded.
Grinder hits you.
You writhe in agony.
Tochtli closely misses Grinder.
You closely miss Grinder.
Grinder is moderately wounded.
Grinder closely misses you.
Tochtli hits Grinder.
You closely miss Grinder.
Grinder is moderately wounded.
Tochtli hits Grinder.
Grinder gestures at you. You resist with significant effort.
You closely miss Grinder.
Grinder is heavily wounded.
Tochtli barely misses Grinder.
Grinder hits you.
You writhe in agony.
You barely miss Grinder.
Grinder is heavily wounded.
Tochtli completely misses Grinder.
Grinder barely misses you.
You closely miss Grinder.
Grinder is heavily wounded.
Tochtli hits Grinder.
Grinder gestures at you. Pain shoots through your body!
* * * LOW HITPOINT WARNING * * *
Okay, then.
You hit Grinder.
Grinder is heavily wounded.
Tochtli hits Grinder.
Grinder hits Tochtli!
You strike the helpless Grinder from behind!
You puncture Grinder!
Grinder is almost dead.
Grinder hits you.
* * * LOW HITPOINT WARNING * * *
You writhe in agony.
You die...

......
##+###....#..
##...#....#...
##........#....
##..............
#........)......
+.........+....#
#.........# .##
##†@†....##
##5R...##
##...## ##+##


You could see the friendly Tochtli the ancestor and Grinder (ally target).

Vanquished Creatures
  An orc priest (D:4)
  An adder skeleton (D:2)
  A dart slug (D:1)
  An orc (D:2)
  A bat skeleton (D:2)
  6 endoplasms
  4 giant cockroaches
  5 goblins
  4 hobgoblins (D:1)
  2 jackals (D:5)
  4 ball pythons
  A ball python zombie (D:2)
  6 bats
  5 frilled lizards
  2 kobolds (D:1)
  A quokka skeleton (D:2)
  3 rats (D:1)
48 creatures vanquished.

Vanquished Creatures (collateral kills)
  An adder (D:2)
  3 ball pythons
  2 bats
  An endoplasm (D:1)
  2 hobgoblins (D:2)
  2 kobolds
  A quokka (D:1)
  A ball python skeleton (D:2)
  A jackal skeleton (D:2)
  A rat (D:1)
15 creatures vanquished.

Vanquished Creatures (others)
  An ancestor (D:3)
  11 plants (D:1)
  A withered plant (D:2)
13 creatures vanquished.

Grand Total: 76 creatures vanquished

Notes
Turn   | Place    | Note
-------+----------+-------------------------------------------
     0 | D:5      | jlumianski the Demonspawn Delver began the quest for the
                  | Orb.
     0 | D:5      | Reached XP level 1. HP: 18/18 MP: 1/1
    45 | D:5      | Noticed a scorpion
    65 | D:5      | Noticed a phantom
   225 | D:5      | Noticed a water moccasin
   225 | D:5      | Noticed a hound
   277 | D:4      | Found a broken altar of Ashenzari.
   289 | D:4      | Noticed a hound
   312 | D:4      | Noticed a sky beast
   325 | D:4      | Noticed an iguana
   386 | D:4      | Found a staircase to the Ecumenical Temple.
   386 | D:4      | Noticed an orc priest
   392 | D:4      | Killed an orc priest
   393 | D:4      | Reached skill level 5 in Stealth
   393 | D:4      | Gained mutation: You regenerate a little health from kills.
                  | [demonic ancestry]
   393 | D:4      | Reached XP level 2. HP: 7/24 MP: 2/2
   393 | D:4      | Reached XP level 3. HP: 9/29 MP: 3/3
   401 | Temple   | Entered the Ecumenical Temple
   502 | Temple   | Became a worshipper of Hepliaklqana the Forgotten
  1143 | D:1      | Reached skill level 1 in Armour
  1373 | D:1      | Reached * piety under Hepliaklqana
  1666 | D:1      | Gained mutation: You have a pair of small antennae on your
                  | head. [demonic ancestry]
  1666 | D:1      | Reached XP level 4. HP: 31/31 MP: 4/4
  1815 | D:1      | Found a faded altar of an unknown god.
  2084 | D:2      | Found an iron altar of Okawaru.
  2336 | D:3      | Noticed Sigmund
  2625 | D:3      | Noticed Grinder
  2626 | D:3      | Paralysed by Grinder for 3 turns
  2692 | D:3      | Paralysed by Grinder for 3 turns
  2703 | D:3      | Slain by Grinder

Illustrated notes

Levels and vault maps discovered:
D:1:      roderic_crop_circles_arrival_small, layout_loops_ring,
          shapermc_ecumenical_altar_notcrosses, roderic_roman_lattice,
          kennysheep_crisscross, minmay_indecisive_spiral
D:2:      layout_rooms, serial_undead, serial_undead_f, serial_undead_b,
          serial_undead_a, serial_undead_c, basic_altar, st_stairs_11,
          dk_noncrumbling_3, hangedman_glass_teeth
D:3:      layout_loops_corners, chequers_serial_rivers_micro_c,
          serial_bayou_ford_a, serial_park_tiny_pond, serial_park_tiny_pond,
          hangedman_decor_growths, serial_bayou_pond_e,
          minmay_misc_feat_secret_circle, hangedman_decor_opposing,
          uniq_grinder, uniq_sigmund, uniq_robin, uniq_pargi
D:4:      layout_cave_pools, nicolae_ashenzari_panopticon,
          makhleb_heckhound_becter, minmay_temple_entry_proselytizer,
          kennysheep_generic_room_13
D:5:      layout_loops_ring, mainiacjoe_overflow_alcove_2,
          minmay_fractal_squares_diagonal_5, uniq_ijyb
D:6:      layout_basic, mainiacjoe_overflow_chevrons, corexii_leaking_fountain
Temple:   nicolae_temple_figure_zero

Skill      XL: |  1  2  3  4 |
---------------+-------------+-----
Stealth        | 5 |  5.4
Short Blades   | 2 |  2.4
Armour         | 1 |  1.3
Dodging        | 2 |  2.0
Fighting       | |  3.3
Throwing       | |  0.2

Action                   |  1- 3 |  4- 6 || total
-------------------------+-------+-------++-------
Melee: Short sword       |   100 |    83 ||   183
       Punch             |     1 |       ||     1
Throw: Boomerang         |     8 |       ||     8
Invok: Recall Ancestor   |     1 |     2 ||     3
  Use: Scroll            |     2 |       ||     2
 Stab: Sleeping          |     9 |     2 ||    11
       Distracted        |       |     1 ||     1
Armor: Leather armour    |    28 |    25 ||    53
Dodge: Dodged            |    51 |    74 ||   125

Table legend: (Time is in decaauts)
 A = Elapsed time spent in this place.
 B = Non-inter-level travel time spent in this place.
 C = Inter-level travel time spent in this place.
 D = Time resting spent in this place.
 E = Time spent auto-exploring this place.
 F = Levels seen in this place.
 G = Mean time per level.
                   A        B        C        D        E       F      G
               +--------+--------+--------+--------+--------+-----+--------+
         Total |   2709 |   2622 |     87 |    414 |    684 |   7 |  387.0 |
       Dungeon |   2599 |   2512 |     87 |    414 |    684 |   6 |  433.2 |
        Temple |    110 |    110 |      0 |      0 |      0 |   1 |  110.0 |
               +--------+--------+--------+--------+--------+-----+--------+

Top non-repeatable levels by time:
     D:1: 1093 daAuts
     D:2: 997 daAuts
     D:5: 221 daAuts
     D:4: 215 daAuts
  Temple: 110 daAuts
     D:3: 59 daAuts
     D:6: 12 daAuts
